 Dungeon Crawl Stone Soup version 0.32-a0-141-g04fe69798e (webtiles) character file.

Game seed: 11923594344507172340

22454 feta the Frost Mage (level 13, -4/98 HPs)
             Began as a Gnoll Ice Elementalist on Feb 10, 2024.
             Was a High Priest of Okawaru.
             Slain by a raiju (glowing shapeshifter) (8 damage)
             ... on level 11 of the Dungeon on Feb 11, 2024.
             The game lasted 00:43:27 (15510 turns).

feta the Frost Mage (Gnoll Ice Elementalist)       Turns: 15510, Time: 00:43:27

Health: -4/98      AC: 16    Str:  8    XL:     13   Next: 0%
Magic:  11/26      EV: 16    Int: 19    God:    Okawaru [*****.]
Gold:   639        SH: 12    Dex: 13    Spells: 24/31 levels left

rFire   . . .        t - +4 flail (flame)
rCold   . . .        e - +0 kite shield
rNeg    . . .        G - +1 troll leather armour
rPois   .            (no helmet)
rElec   .            m - +2 cloak
rCorr   .            i - +2 pair of gloves
SInv    +            a - +2 pair of boots
Will    .....        (no amulet)
Stlth   +++++        x - ring of see invisible
HPRegen 1.16/turn    (no ring)
MPRegen 0.20/turn

%: no passive effects
@: heroic, finesse-ful
A: fangs 1, strong nose, distributed training
a: Renounce Religion, Heroism, Finesse, Duel


You were on level 11 of the Dungeon.
You worshipped Okawaru.
Okawaru was extremely pleased with you.
You visited 2 branches of the dungeon, and saw 13 of its levels.

You collected 759 gold pieces.
You spent 120 gold pieces at shops.

Inventory:

Hand Weapons
 t - a +4 flail of flaming (weapon)
 y - a +0 heavy morningstar
Missiles
 h - 19 poisoned darts (quivered)
 k - 2 atropa-tipped darts
 n - 2 throwing nets
 o - a silver javelin
 r - a boomerang
 u - a datura-tipped dart
 z - 2 curare-tipped darts
 F - 3 darts of dispersal
Armour
 a - a +2 pair of boots (worn)
 e - a +0 kite shield (worn)
 i - a +2 pair of gloves (worn)
 m - a +2 cloak (worn)
 G - a +1 troll leather armour (worn)
Jewellery
 x - a ring of see invisible (left hand)
Wands
 p - a wand of polymorph (1)
 q - a wand of paralysis (6)
 E - a wand of flame (25)
Scrolls
 f - 7 scrolls of teleportation
 g - 2 scrolls of enchant armour
 s - 3 scrolls of enchant weapon
 A - a scroll of blinking
 B - 4 scrolls of noise
 J - a scroll of fog
Potions
 b - 4 potions of magic
 c - 8 potions of heal wounds
 d - 2 potions of curing
 v - 3 potions of haste
 w - 3 potions of brilliance
 C - 2 potions of invisibility
 D - 3 potions of attraction
 H - 2 potions of mutation {unknown}
 I - a potion of berserk rage {unknown}
 K - a potion of lignification {unknown}


   Skills:
 + Level 8.1(13.1) Fighting
 + Level 8.1(13.1) Short Blades
 + Level 8.1(13.1) Long Blades
 + Level 8.1(13.1) Axes
 + Level 8.1(13.1) Maces & Flails
 + Level 8.1(13.1) Polearms
 + Level 8.1(13.1) Staves
 + Level 8.1(13.1) Ranged Weapons
 + Level 8.1(13.1) Throwing
 + Level 8.1(13.1) Armour
 + Level 9.4(14.4) Dodging
 + Level 9.2(14.2) Stealth
 + Level 8.1(13.1) Shields
 + Level 8.1(13.1) Unarmed Combat
 + Level 9.6 Spellcasting
 + Level 6.7 Conjurations
 + Level 6.7 Hexes
 + Level 6.7 Summonings
 + Level 6.7 Necromancy
 + Level 6.7 Translocations
 + Level 6.7 Fire Magic
 + Level 9.9 Ice Magic
 + Level 6.7 Air Magic
 + Level 6.7 Earth Magic
 + Level 6.7 Alchemy
 + Level 8.9 Invocations
 + Level 8.1 Evocations
 + Level 7.4 Shapeshifting


You had 24 spell levels left.
You knew the following spells:

 Your Spells              Type           Power      Damage    Failure   Level
o - Ozocubu's Armour      Ice            46%        N/A       1%          3
r - Frozen Ramparts       Ice            92%        1d14      1%          3
z - Freeze                Ice            100%       1d10      1%          1

Your spell library contained the following spells:

 Spells                   Type           Power      Damage    Failure   Level
 Apportation              Tloc           68%        N/A       1%          1
 Necrotise                Necr           100%       1d9       1%          1
 Sting                    Conj/Alch      100%       1d9       1%          1
 Vampiric Draining        Necr           34%        2d8       4%          3
 Dimensional Bullseye     Hex/Tloc       17%        N/A       17%         4
 Iskenderun's Mystic Bla  Conj/Tloc      34%        2d8       17%         4
 Vhi's Electric Charge    Tloc/Air       68%        N/A       17%         4
 Arcjolt                  Conj/Air       17%        1d27      43%         5
 Curse of Agony           Necr           34%        N/A       43%         5
 Plasma Beam              Fire/Air       17%        2x1d28    95%         6
 Summon Small Mammal      Summ           Unusable   N/A       N/A         1
 Summon Ice Beast         Ice/Summ       Unusable   N/A       N/A         3
 Tukima's Dance           Hex            Unusable   N/A       N/A         3
 Martyr's Knell           Necr/Summ      Unusable   N/A       N/A         4

Dungeon Overview and Level Annotations

Branches:
Dungeon (12/15)            Temple (0/1) D:7            Lair (1/5) D:11
    Orc (0/2) D:11

Altars:
Fedhas
Gozag
Makhleb
Okawaru
Qazlal
Wu Jian
Xom
Yredelemnul
Zin

Shops:
D:8 [:*=*

Annotations:
D:3 Grinder
D:9 3 runed translucent doors, makewrite's ghost, novice MiHu


Innate Abilities, Weirdness & Mutations

You have very sharp teeth.
Your uncanny sense of smell can sniff out nearby items.
Your experience applies equally to all skills.


Message History

The frost giant hits you with a +1 battleaxe of freezing!
The frost giant freezes you.
The mana viper bites you but does no damage.
You climb upwards.
There is a stone staircase leading down here.
You gain the combat prowess of a mighty hero.
The mana viper bites you!
You feel your power leaking away. The frost giant closely misses you.
You block the mana viper's attack.
You can now deal lightning-fast blows.
The frost giant points at you and mumbles some strange words.
The bolt of cold misses you. You block the mana viper's attack.
You barely miss the frost giant.
The mana viper changes into a raiju!
The frost giant gestures at you while chanting.
The bolt of cold hits you!
You sock the frost giant! You burn the frost giant.
Your bite misses the frost giant.
The frost giant is lightly wounded.
You hit the frost giant. You burn the frost giant.
You bite the frost giant, but do no damage.
The frost giant is lightly wounded.
The frost giant gestures at you while chanting.
The bolt of cold hits you!!!
* * * LOW HITPOINT WARNING * * *
You sock the frost giant! You burn the frost giant.
The frost giant is moderately wounded.
The raiju pauses to sniff the ground.
The raiju completely misses you.
You hit the frost giant but do no damage.
You bite the frost giant, but do no damage.
The frost giant is moderately wounded.
The frost giant points at you and mumbles some strange words.
The bolt of cold hits you!
* * * LOW HITPOINT WARNING * * *
You hit the frost giant but do no damage.
The frost giant is moderately wounded.
The raiju bites you.
* * * LOW HITPOINT WARNING * * *
The raiju shocks you!
You die...

##...##+...##########.#.#)#...#
...#....#........#..........+##
...#....#........#...#....+...#
#'##.##'#...######'#####..#†..#
..'.....#...#......#..........#
..#.....#...#......#..........#
####'#############'##..####...#
..#............#.......#......#
..#............#@h.....#......#
..#............#C...#######...#
.......#....######..#..#..#...#
.#.#.#.#....#....#.....#..+...#
...÷...#....#....#)....#..#...#
.#÷#.#.#.........#.....'..#†..#
..÷....#....P....#..####..#...#
.#.#.#.....P........+..##'#...#
.)[[[..#.P..P.....P.#..'..#...#


You could see a frost giant and a raiju shaped shifter.

Vanquished Creatures
  Harold (D:9)
  An ogre mage (D:10)
  7 two-headed ogres
  A boulder beetle (D:12)
  A tengu warrior (D:8)
  Pikel (D:6)
  A deep elf pyromancer (D:8)
  An ugly thing (D:12)
  2 manticores
  A cyclops (D:11)
  A gargoyle (D:11)
  3 unseen horrors (D:10)
  2 kobold demonologists (D:12)
  2 komodo dragons
  Psyche (D:10)
  A hornet (D:9)
  4 trolls
  A shadow (D:10)
  2 wraiths (D:8)
  4 wyverns
  12 yaks
  A basilisk (D:10)
  3 steam dragons
  4 vampire mosquitoes
  6 acid dragons
  3 water moccasins (D:11)
  3 black bears
  6 orc warriors
  A sky beast (D:6)
  A laughing skull (D:7)
  3 ogres
  11 centaurs
  A phantom (D:6)
  7 kobold brigands
  4 lemures (D:6)
  Blork the orc (D:4)
  6 bullfrogs
  4 scorpions
  A gnoll sergeant (D:9)
  10 wights
  An electric eel (D:7)
  5 howler monkeys
  A lava snake (D:7)
  6 hounds
  2 jellies
  2 bombardier beetles
  13 orc priests
  A gnoll bouda (D:8)
  4 iguanas
  2 sleepcaps
  Terence (D:3)
  14 orc wizards
  9 gnolls
  5 adders
  2 shadow imps (D:5)
  A white imp (D:7)
  2 ufetubi (D:6)
  3 ribbon worms
  A dart slug (D:2)
  43 orcs
  4 ball pythons
  6 endoplasms
  4 giant cockroaches
  9 goblins
  2 hobgoblins
  3 jackals (D:2)
  2 bats
  4 frilled lizards
  30 kobolds
  2 rats
310 creatures vanquished.

Notes
Turn   | Place    | Note
-------+----------+-------------------------------------------
     0 | D:1      | feta the Gnoll Ice Elementalist began the quest for the
                  | Orb.
     0 | D:1      | Reached XP level 1. HP: 13/13 MP: 6/6
   427 | D:1      | Reached XP level 2. HP: 19/19 MP: 5/7
  1286 | D:2      | Reached skill level 5 in Spellcasting
  1286 | D:2      | Reached XP level 3. HP: 9/25 MP: 2/9
  1301 | D:2      | Learned a level 3 spell: Frozen Ramparts
  1305 | D:2      | Learned a level 3 spell: Ozocubu's Armour
  1794 | D:2      | Reached skill level 1 in Invocations
  2286 | D:2      | Reached skill level 1 in Fighting
  2286 | D:2      | Reached skill level 1 in Short Blades
  2286 | D:2      | Reached skill level 1 in Long Blades
  2286 | D:2      | Reached skill level 1 in Axes
  2286 | D:2      | Reached skill level 1 in Maces & Flails
  2286 | D:2      | Reached skill level 1 in Polearms
  2286 | D:2      | Reached skill level 1 in Staves
  2286 | D:2      | Reached skill level 1 in Ranged Weapons
  2286 | D:2      | Reached skill level 1 in Throwing
  2286 | D:2      | Reached skill level 1 in Armour
  2286 | D:2      | Reached skill level 1 in Shields
  2286 | D:2      | Reached skill level 1 in Unarmed Combat
  2286 | D:2      | Reached skill level 1 in Evocations
  2505 | D:3      | Reached skill level 1 in Shapeshifting
  2505 | D:3      | Reached XP level 4. HP: 32/32 MP: 8/11
  2644 | D:3      | Noticed Grinder
  2862 | D:3      | Noticed Terence
  2884 | D:3      | Killed Terence
  2885 | D:3      | Reached skill level 1 in Conjurations
  2885 | D:3      | Reached skill level 1 in Hexes
  2885 | D:3      | Reached skill level 1 in Summonings
  2885 | D:3      | Reached skill level 1 in Necromancy
  2885 | D:3      | Reached skill level 1 in Translocations
  2885 | D:3      | Reached skill level 1 in Fire Magic
  2885 | D:3      | Reached skill level 1 in Air Magic
  2885 | D:3      | Reached skill level 1 in Earth Magic
  2885 | D:3      | Reached skill level 1 in Alchemy
  3089 | D:3      | Paralysed by Grinder for 2 turns
  3224 | D:4      | Noticed Blork the orc
  3234 | D:4      | Killed Blork the orc
  3235 | D:4      | Reached XP level 5. HP: 5/37 MP: 4/12
  3576 | D:4      | Reached XP level 6. HP: 44/44 MP: 3/14
  3831 | D:4      | Reached skill level 5 in Dodging
  4480 | D:5      | Entered Level 5 of the Dungeon
  4520 | D:5      | Reached XP level 7. HP: 51/51 MP: 8/15
  4822 | D:5      | Identified the +5 whip of Twilight {flame, rF- rC++ rCorr}
  5224 | D:5      | Found a basalt altar of Yredelemnul.
  5241 | D:5      | Reached skill level 5 in Stealth
  5256 | D:5      | Reached XP level 8. HP: 47/58 MP: 4/16
  5588 | D:5      | Found a blossoming altar of Fedhas.
  6107 | D:6      | Found an iron altar of Okawaru.
  6107 | D:6      | Found a basalt altar of Yredelemnul.
  6114 | D:6      | Became a worshipper of Warmaster Okawaru
  6116 | D:6      | Found a burning altar of Makhleb.
  6119 | D:6      | Found an opulent altar of Gozag.
  6121 | D:6      | Found a shimmering altar of Xom.
  6125 | D:6      | Found an ornate altar of the Wu Jian Council.
  6503 | D:6      | Noticed Pikel
  6526 | D:6      | Killed Pikel
  6526 | D:6      | Reached * piety under Okawaru
  6527 | D:6      | Reached XP level 9. HP: 34/65 MP: 8/18
  6869 | D:7      | Found a staircase to the Ecumenical Temple.
  7587 | D:7      | Reached ** piety under Okawaru
  7924 | D:7      | Reached skill level 5 in Invocations
  8427 | D:8      | Found Ytiqimim's General Store.
  8460 | D:8      | Bought a potion of heal wounds for 75 gold pieces
  8724 | D:8      | Found Derphisa's General Store.
  8783 | D:8      | Bought a potion of attraction for 45 gold pieces
  8830 | D:8      | Found a stormy altar of Qazlal.
  8877 | D:8      | Found a glowing silver altar of Zin.
  8877 | D:8      | Noticed a two-headed ogre
  8884 | D:8      | Killed a two-headed ogre
  8884 | D:8      | Reached *** piety under Okawaru
  8885 | D:8      | Reached skill level 5 in Fighting
  8885 | D:8      | Reached skill level 5 in Short Blades
  8885 | D:8      | Reached skill level 5 in Long Blades
  8885 | D:8      | Reached skill level 5 in Axes
  8885 | D:8      | Reached skill level 5 in Maces & Flails
  8885 | D:8      | Reached skill level 5 in Polearms
  8885 | D:8      | Reached skill level 5 in Staves
  8885 | D:8      | Reached skill level 5 in Ranged Weapons
  8885 | D:8      | Reached skill level 5 in Throwing
  8885 | D:8      | Reached skill level 5 in Armour
  8885 | D:8      | Reached skill level 5 in Shields
  8885 | D:8      | Reached skill level 5 in Unarmed Combat
  8885 | D:8      | Reached skill level 5 in Evocations
  8885 | D:8      | Reached XP level 10. HP: 74/74 MP: 13/20
  9048 | D:8      | Noticed a deep elf pyromancer
  9048 | D:8      | Noticed a two-headed ogre
  9275 | D:8      | Noticed a tengu warrior
  9328 | D:8      | Reached **** piety under Okawaru
  9419 | D:8      | Noticed a two-headed ogre
  9425 | D:8      | Found Kipit's Book Emporium.
  9448 | D:8      | Found Neomuus's Antique Armour Emporium.
  9561 | D:8      | Noticed a manticore
  9698 | D:8      | Killed a manticore
  9699 | D:8      | Reached skill level 5 in Shapeshifting
  9745 | D:8      | Killed a two-headed ogre
  9809 | D:8      | Killed a tengu warrior
 10132 | D:8      | Killed a deep elf pyromancer
 10133 | D:8      | Reached skill level 5 in Conjurations
 10133 | D:8      | Reached skill level 5 in Hexes
 10133 | D:8      | Reached skill level 5 in Summonings
 10133 | D:8      | Reached skill level 5 in Necromancy
 10133 | D:8      | Reached skill level 5 in Translocations
 10133 | D:8      | Reached skill level 5 in Fire Magic
 10133 | D:8      | Reached skill level 5 in Air Magic
 10133 | D:8      | Reached skill level 5 in Earth Magic
 10133 | D:8      | Reached skill level 5 in Alchemy
 10133 | D:8      | Reached XP level 11. HP: 81/81 MP: 12/22
 10208 | D:8      | Killed a two-headed ogre
 10208 | D:8      | Reached ***** piety under Okawaru
 10214 | D:8      | Found Zely's Jewellery Shop.
 10400 | D:8      | Found an ornate altar of the Wu Jian Council.
 11090 | D:9      | Identified the maw talisman "Riojoc" {Slay+3}
 11099 | D:9      | Noticed Harold
 11113 | D:9      | Killed Harold
 11163 | D:9      | Noticed a two-headed ogre
 11176 | D:9      | Killed a two-headed ogre
 11176 | D:9      | Received a gift from Okawaru
 11368 | D:9      | Found a runed translucent gate.
 11550 | D:9      | Found a runed translucent gate.
 11550 | D:9      | Found an opulent altar of Gozag.
 11551 | D:9      | Found a runed translucent gate.
 11552 | D:9      | Noticed makewrite's ghost (novice MiHu)
 11553 | D:9      | Noticed a deep elf pyromancer
 11554 | D:9      | Noticed a boulder beetle
 11947 | D:10     | Entered Level 10 of the Dungeon
 12166 | D:10     | Noticed a two-headed ogre
 12173 | D:10     | Killed a two-headed ogre
 12625 | D:10     | Received a gift from Okawaru
 12636 | D:10     | Reached XP level 12. HP: 53/90 MP: 17/24
 12826 | D:10     | Noticed a two-headed ogre
 12826 | D:10     | Noticed a rakshasa
 12842 | D:10     | Killed a two-headed ogre
 12860 | D:10     | Noticed an ogre mage
 13028 | D:10     | Received a gift from Okawaru
 13208 | D:10     | Noticed Psyche
 13216 | D:10     | Killed an ogre mage
 13217 | D:10     | Killed Psyche
 13616 | D:11     | Found a staircase to the Orcish Mines.
 13627 | D:11     | Received a gift from Okawaru
 14094 | D:11     | Found a staircase to the Lair.
 14330 | D:11     | Noticed a two-headed ogre
 14338 | D:11     | Killed a two-headed ogre
 15053 | D:12     | Noticed a sun demon
 15109 | D:12     | Received a gift from Okawaru
 15156 | D:12     | Noticed a boulder beetle
 15203 | D:12     | HP: 2/92 [red ugly thing (21)]
 15204 | D:12     | Killed a boulder beetle
 15398 | Lair:1   | Entered Level 1 of the Lair of Beasts
 15440 | D:12     | Reached XP level 13. HP: 89/98 MP: 14/26
 15453 | D:12     | Noticed a frost giant
 15469 | D:11     | Upgraded the game from 0.32-a0-135-g14f8b2e1af to
                  | 0.32-a0-141-g04fe69798e
 15510 | D:11     | HP: 4/98 [raiju (glowing shapeshifter) (5)]
 15510 | D:11     | Slain by a raiju (glowing shapeshifter)

Illustrated notes

Levels and vault maps discovered:
D:1:      dpeg_arrival_arbitrary_c, layout_basic
D:2:      layout_basic
D:3:      layout_loops_ring, lightli_corner_chamber, uniq_grinder, uniq_natasha,
          uniq_terence
D:4:      layout_basic, uniq_blork_the_orc
D:5:      layout_loops_ring, fedhas_altar_3, columned_hall_lemuel,
          chequers_serial_rivers_small_3, minmay_ruined_shrine
D:6:      layout_loops_corners, nicolae_overflow_hallway_of_the_gods, uniq_pikel
D:7:      layout_gridville, minmay_temple_entry_grid, kennysheep_small_spiral,
          serial_library_hellmonk_hallway_b, serial_bayou_ford_a
D:8:      layout_basic, nicolae_qazlal_scattered_showers, serial_shops, shop,
          shop, shop, shop, nicolae_shop_window_shopping, grunt_ministairs_3,
          hangedman_feature_mirror, minmay_shattered_shrine
D:9:      layout_irregular_city, ebering_ghost_gozag, minmay_misc_feat_room,
          uniq_harold
D:10:     minmay_quarter_circles, layout_cave_pools, hangedman_decor_push,
          uniq_psyche
D:11:     layout_grid_maze, due_lair_maze_entry_diamond, erik_orc_3,
          serial_glass, glass_columns_a, glass_columns_c, glass_columns_a,
          glass_columns_b, glass_columns_a, glass_columns_b, glass_columns_a,
          glass_columns_b, feat_on_display, minmay_strange_pillars,
          minmay_strange_pillars
D:12:     minmay_bad_star, layout_irregular_city, uniq_azrael, uniq_frances
Lair:1:   layout_regular_city

Skill      XL: |  1  2  3  4  5  6  7  8  9 10 11 12 |
---------------+-------------------------------------+-----
Spellcasting   | 5 6 7 8 9 |  9.6
Invocations    | 1 2 3 4 5 6 7 8 |  8.9
Fighting       | 1 2 3 4 5 6 7 8 |  8.1
Short Blades   | 1 2 3 4 5 6 7 8 |  8.1
Long Blades    | 1 2 3 4 5 6 7 8 |  8.1
Axes           | 1 2 3 4 5 6 7 8 |  8.1
Maces & Flails | 1 2 3 4 5 6 7 8 |  8.1
Polearms       | 1 2 3 4 5 6 7 8 |  8.1
Staves         | 1 2 3 4 5 6 7 8 |  8.1
Ranged Weapons | 1 2 3 4 5 6 7 8 |  8.1
Throwing       | 1 2 3 4 5 6 7 8 |  8.1
Armour         | 1 2 3 4 5 6 7 8 |  8.1
Shields        | 1 2 3 4 5 6 7 8 |  8.1
Unarmed Combat | 1 2 3 4 5 6 7 8 |  8.1
Evocations     | 1 2 3 4 5 6 7 8 |  8.1
Shapeshifting  | 1 2 3 4 5 6 7 |  7.4
Conjurations   | 1 2 3 4 5 6 |  6.7
Hexes          | 1 2 3 4 5 6 |  6.7
Summonings     | 1 2 3 4 5 6 |  6.7
Necromancy     | 1 2 3 4 5 6 |  6.7
Translocations | 1 2 3 4 5 6 |  6.7
Fire Magic     | 1 2 3 4 5 6 |  6.7
Air Magic      | 1 2 3 4 5 6 |  6.7
Earth Magic    | 1 2 3 4 5 6 |  6.7
Alchemy        | 1 2 3 4 5 6 |  6.7
Dodging        | 5 6 7 8 9 |  9.4
Stealth        | 5 6 7 8 9 |  9.2
Ice Magic      | 8 9 |  9.9

Action                     |  1- 3 |  4- 6 |  7- 9 | 10-12 | 13-15 || total
---------------------------+-------+-------+-------+-------+-------++-------
  Melee: Short sword       |     1 |    22 |    43 |       |       ||    66
         Punch             |       |     2 |    11 |     6 |       ||    19
         Bite              |       |     1 |    11 |    54 |     2 ||    68
         Morningstar       |       |       |    93 |     2 |       ||    95
         Flail             |       |       |       |   364 |     8 ||   372
  Throw: Boomerang         |       |       |     6 |    15 |       ||    21
         Dart              |       |       |       |    56 |     4 ||    60
   Cast: Freeze            |    54 |    35 |    80 |   125 |       ||   294
         Frozen Ramparts   |       |     6 |    19 |    45 |       ||    70
         Ozocubu's Armour  |       |     4 |     7 |    38 |       ||    49
 Invoke: Heroism           |       |       |       |     4 |     1 ||     5
         Finesse           |       |       |       |       |     1 ||     1
  Evoke: Wand              |       |     2 |    10 |     2 |       ||    14
    Use: Scroll            |       |       |       |    20 |       ||    20
         Potion            |       |       |       |     1 |       ||     1
   Stab: Sleeping          |       |       |     3 |     1 |       ||     4
 Armour: Robe              |     8 |       |       |       |       ||     8
         Leather armour    |     7 |    32 |   128 |       |       ||   167
         Steam dragon scal |       |       |     8 |    40 |       ||    48
         Troll leather arm |       |       |       |   327 |     9 ||   336
  Dodge: Dodged            |    27 |    20 |   142 |   312 |     3 ||   504
  Block: Kite shield       |       |       |       |   244 |     4 ||   248

Table legend: (Time is in decaauts)
 A = Elapsed time spent in this place.
 B = Non-inter-level travel time spent in this place.
 C = Inter-level travel time spent in this place.
 D = Time resting spent in this place.
 E = Time spent auto-exploring this place.
 F = Levels seen in this place.
 G = Mean time per level.
                   A        B        C        D        E       F      G
               +--------+--------+--------+--------+--------+-----+--------+
         Total |  15633 |  15146 |    487 |   1680 |   9839 |  13 | 1202.5 |
       Dungeon |  15632 |  15145 |    487 |   1680 |   9839 |  12 | 1302.7 |
          Lair |      1 |      1 |      0 |      0 |      0 |   1 |    1.0 |
               +--------+--------+--------+--------+--------+-----+--------+

Top non-repeatable levels by time:
     D:8: 2287 daAuts
    D:11: 1731 daAuts
    D:10: 1628 daAuts
     D:7: 1597 daAuts
     D:2: 1488 daAuts
     D:4: 1377 daAuts
     D:9: 1273 daAuts
     D:6: 1224 daAuts
     D:5: 1152 daAuts
     D:1: 944 daAuts
     D:3: 667 daAuts
    D:12: 259 daAuts
  Lair:1: 1 daAuts
